Little Stars vs Ice Dragons
Created - January 11, 2018 at 19:19
Goals
|
Little Stars |
1 |
0 |
1 |
1 |
3 |
Ice Dragons |
1 |
1 |
0 |
0 |
2 |
|
Shots
|
Little Stars |
18 |
7 |
9 |
2 |
36 |
Ice Dragons |
5 |
18 |
8 |
1 |
32 |
|
1st period
1. Ice Dragons , Michael Latta 16 (Justin Faulk 19, Troy Brouwer 15) at 1:38
2. Little Stars , Dana Tyrell 23 (Jesse Joensuu 21, Alex Chiasson 39) at 7:45 (PP)
Penalties :
Michael Latta (Kin) for Roughing (Minor) at 4:21, Brendon Nash (Kin) for Roughing (Minor) at 7:13, Michael Latta (Kin) for Holding (Minor) at 10:45, Michael Latta (Kin) for Interference (Minor) at 15:14
2nd period
3. Ice Dragons , Petr Vrana 22 (Brendon Nash 16, Tyler Haskins 20) at 9:23
Penalties :
Mathieu Perreault (Tex) for Cross-checking (Minor) at 3:16, Tyler Haskins (Kin) for Roughing (Minor) at 17:30
3rd period
4. Little Stars , Mathieu Perreault 8 (Tyler Wotherspoon 4, Scott Kosmachuck 1) at 10:01
Penalties :
Michael Mersch (Tex) for Interference (Minor) at 1:11, Jesper Fast (Tex) for Goalie Interference (Minor) at 7:07, Michael Mersch (Tex) for Tripping (Minor) at 7:21, Tyler Haskins (Kin) for Hooking (Minor) at 13:04, Logan MacMillan (Kin) for Hooking (Minor) at 16:35
Overtime #1
5. Little Stars , Alex Chiasson 31 (Niklas Hjalmarsson 22) at 1:50
Penalties :
No Penalty
Goalie Stats
Jhonas Enroth (Tex), 30 saves from 32 shots - (0.938), W, 23-6-1, 61:50 minutes
Anders Nilsson (Kin), 33 saves from 36 shots - (0.917), OTL, 18-12-3, 61:50 minutes
Players Stats for Little Stars
Player Name G A P +/- PIM S H SB GA TA FO MP PP MP PK MP
------------------------------------------------------------------------------------
Alex Chiasson 1 1 2 0 0 8 1 0 0 2 5/9 23:34 6:13 3:10
Alexander Khokhlachev 0 0 0 1 0 0 0 0 0 0 0/0 2:37 2:01 0:00
Alexander Vasyunov 0 0 0 0 0 0 0 0 0 0 0/0 11:10 0:00 1:02
Andrej Sustr 0 0 0 -1 0 2 1 1 0 1 0/0 22:04 4:58 3:02
Dana Tyrell 1 0 1 -1 0 2 1 0 0 0 9/25 20:03 6:03 0:51
Daniel Catenacci 0 0 0 -1 0 0 0 0 0 1 3/6 6:07 0:00 0:00
Daniel O'regan 0 0 0 0 0 0 1 1 0 1 3/5 11:39 0:00 1:31
Dillon Simpson 0 0 0 0 0 0 0 0 0 0 0/0 0:29 0:00 0:29
Duncan Siemens 0 0 0 0 0 0 0 0 0 0 0/0 2:05 0:00 0:00
Hugh Jessiman 0 0 0 0 0 2 1 1 0 0 0/1 10:37 2:54 0:59
Jesper Fast 0 0 0 0 2 4 0 1 2 1 1/1 13:19 0:39 1:27
Jesse Joensuu 0 1 1 -1 0 5 2 0 1 0 1/2 20:08 6:03 0:56
Mathieu Perreault 1 0 1 1 2 4 0 2 2 0 14/26 17:17 5:24 0:00
Michael Mersch 0 0 0 -1 4 0 0 0 0 0 0/0 8:19 0:22 0:40
Nail Yakupov 0 0 0 -1 0 1 1 0 0 0 0/0 6:07 0:00 0:00
Niklas Hjalmarsson 0 1 1 1 0 2 2 1 0 0 0/0 29:18 7:28 2:40
Phil Oreskovic 0 0 0 1 0 2 6 3 1 2 0/0 29:18 7:28 2:40
Reece Willcox 0 0 0 0 0 0 0 0 0 0 0/0 0:00 0:00 0:00
Robert Klinkhammer 0 0 0 1 0 3 0 1 1 0 0/0 16:57 5:34 0:00
Scott Harrington 0 0 0 0 0 0 0 0 0 0 0/0 2:05 0:00 0:00
Scott Kosmachuck 0 1 1 1 0 0 0 0 0 0 0/0 7:46 2:05 0:00
Tyler Wotherspoon 0 1 1 0 0 0 0 3 0 0 0/0 7:54 0:00 0:00
Tyson Barrie 0 0 0 0 0 1 2 0 0 0 0/0 7:54 0:00 0:00
Ville Pokka 0 0 0 0 0 0 0 0 0 0 0/0 0:29 0:00 0:29
Yannick Weber 0 0 0 -1 0 0 1 2 0 0 0/0 22:04 4:58 3:02
Players Stats for Ice Dragons
Player Name G A P +/- PIM S H SB GA TA FO MP PP MP PK MP
------------------------------------------------------------------------------------
Andrej Nestrasil 0 0 0 0 0 1 1 0 1 0 2/6 10:34 0:00 0:00
Brandon Kozun 0 0 0 0 0 0 0 0 0 0 0/0 10:34 0:00 0:00
Brendon Nash 0 1 1 1 2 3 2 2 0 1 0/0 29:39 3:45 7:10
Chris Wagner 0 0 0 -1 0 0 1 0 0 0 0/0 5:49 0:00 0:00
Christian Djoos 0 0 0 0 0 0 1 0 0 0 0/0 2:39 0:00 0:00
Curtis Glencross 0 0 0 0 0 1 1 0 0 1 9/14 22:30 3:25 6:15
Joe Callahan 0 0 0 1 0 0 3 4 2 1 0/0 30:12 3:45 7:42
Justin Faulk 0 1 1 0 0 3 1 1 0 1 0/0 20:02 2:26 4:44
Justin Shugg 0 0 0 0 0 0 0 0 0 1 1/2 3:53 0:00 3:39
Kevin Connauton 0 0 0 0 0 2 0 0 2 0 0/0 20:02 2:26 4:44
Logan MacMillan 0 0 0 0 2 1 2 0 0 0 0/0 10:33 0:00 0:00
Michael Chaput 0 0 0 -1 0 3 0 0 1 1 1/4 5:49 0:00 0:00
Michael Ferland 0 0 0 -1 0 2 3 0 0 0 0/0 8:05 0:00 2:12
Michael Latta 1 0 1 1 6 3 2 0 1 0 15/30 17:29 3:08 2:17
Michael Stone 0 0 0 -1 0 1 0 1 0 0 0/0 8:57 0:00 0:00
Petr Vrana 1 0 1 1 0 5 2 0 0 1 0/0 15:15 2:46 0:00
Ryan Reaves 0 0 0 1 0 0 1 0 0 0 1/1 15:15 2:46 0:00
Sam Carrick 0 0 0 0 0 0 0 0 0 0 1/2 1:41 0:17 0:00
Samuel Groulx 0 0 0 0 0 0 0 0 0 0 0/0 2:39 0:00 0:00
Theodor Blueger 0 0 0 0 0 0 0 0 0 0 0/0 3:06 0:17 1:21
Tomas Kudelka 0 0 0 -1 0 0 0 0 0 0 0/0 9:29 0:00 0:32
Troy Brouwer 0 1 1 0 0 4 4 0 1 0 3/3 22:19 3:08 6:23
Tyler Haskins 0 1 1 1 4 3 2 2 0 0 6/13 18:16 2:46 2:45
3 Stars
1 - Alex Chiasson (Tex)
2 - Petr Vrana (Kin)
3 - Jhonas Enroth (Tex)
Power Play
Little Stars - 1 on 7 Attempt(s) - 14.29%
Ice Dragons - 0 on 4 Attempt(s) - 0.00%
Penalty Kill
Little Stars - 4 on 4 Attempt(s) - 100.00%
- Score 0 goal in Penalty Kill
Ice Dragons - 6 on 7 Attempt(s) - 85.71%
- Score 0 goal in Penalty Kill
Team Stat
Little Stars - Hits : 19 - Faceoff Wins : 36 - Blocked Shots : 16 - Penalty Minutes : 8
Ice Dragons - Hits : 26 - Faceoff Wins : 39 - Blocked Shots : 10 - Penalty Minutes : 14
Official
Referees : Jackson Dave and Fraser Kerry
Linesman : Andy McElman and Greg Devorski
Game Notes
Hugh Jessiman is injured at 12:28 of 2nd period (Right Knee)
Finance
Level 1 -- Attendance: 1565 (78.25%) -- Ticket Income $62,600
Level 2 -- Attendance: 793 (79.30%) -- Ticket Income $15,860
Total Attendance: 2358 (78.60%)
Total Ticket Income: $78,460
Other Income: $3,923
Total Income: $82,383
Little Stars
5 vs 5 Forward
Center Left Wing Right Wing Time % Phy DF OF
1 Dana Tyrell Jesse Joensuu Alex Chiasson 40 1 2 2
2 Mathieu Perreault Robert Klinkhammer Hugh Jessiman 30 1 2 2
3 Daniel O'regan Alexander Vasyunov Jesper Fast 20 1 2 2
4 Daniel Catenacci Michael Mersch Nail Yakupov 10 1 2 2
5 vs 5 Defense
Defense Defense Time % Phy DF OF
1 Niklas Hjalmarsson Phil Oreskovic 40 1 2 2
2 Andrej Sustr Yannick Weber 30 1 2 2
3 Tyson Barrie Tyler Wotherspoon 20 1 2 2
4 Scott Harrington Duncan Siemens 10 1 2 2
PowerPlay Forward
Center Left Wing Right Wing Time % Phy DF OF
1 Dana Tyrell Jesse Joensuu Alex Chiasson 60 1 2 2
2 Mathieu Perreault Robert Klinkhammer Hugh Jessiman 40 1 2 2
PowerPlay Defense
Defense Defense Time % Phy DF OF
1 Niklas Hjalmarsson Phil Oreskovic 60 1 2 2
2 Andrej Sustr Yannick Weber 40 1 2 2
Penalty Kill 4 Players Forward
Center Wing Time % Phy DF OF
1 Alex Chiasson Hugh Jessiman 60 1 2 2
2 Dana Tyrell Jesse Joensuu 40 1 2 2
Penalty Kill 4 Players Defense
Defense Defense Time % Phy DF OF
1 Niklas Hjalmarsson Phil Oreskovic 60 1 2 2
2 Andrej Sustr Yannick Weber 40 1 2 2
Penalty Kill - 3 Players Forward
Forward Time % Phy DF OF
1 Alex Chiasson 60 1 2 2
2 Hugh Jessiman 40 1 2 2
Penalty Kill - 3 Players Defense
Defense Defense Time % Phy DF OF
1 Niklas Hjalmarsson Phil Oreskovic 60 1 2 2
2 Andrej Sustr Yannick Weber 40 1 2 2
4 vs 4 Forward
Center Wing Time % Phy DF OF
1 Alex Chiasson Hugh Jessiman 60 1 2 2
2 Dana Tyrell Jesse Joensuu 40 1 2 2
4 vs 4 Defense
Defense Defense Time % Phy DF OF
1 Niklas Hjalmarsson Phil Oreskovic 60 1 2 2
2 Andrej Sustr Yannick Weber 40 1 2 2
Last Minutes Offensive
Center Left Wing Right Wing Defense Defense
Dana Tyrell Jesse Joensuu Alex Chiasson Niklas Hjalmarsson Phil Oreskovic
Last Minutes Defensive
Center Left Wing Right Wing Defense Defense
Dana Tyrell Jesse Joensuu Alex Chiasson Niklas Hjalmarsson Phil Oreskovic
Goaltenders
Starting : Jhonas Enroth
Backup : Peter Delmas
Extra Forwards
Normal : Scott Kosmachuck, Alexander Khokhlachev, Jesper Fast - PP : Scott Kosmachuck, Alexander Khokhlachev - PK : Jesper Fast
Extra Defensemen
Normal : Reece Willcox, Dillon Simpson, Ville Pokka - PP : Reece Willcox - PK : Dillon Simpson, Ville Pokka
Penalty Shots
Alex Chiasson, Hugh Jessiman, Dana Tyrell, Jesse Joensuu, Mathieu Perreault
Scratches
Anthony Camara (Healthy), Brian Flynn (Sprained Right Ankle Injury), Laurent Brossoit (Healthy), Anthony Stolarz (Healthy)
Ice Dragons
5 vs 5 Forward
Center Left Wing Right Wing Time % Phy DF OF
1 Michael Latta Curtis Glencross Troy Brouwer 40 1 2 2
2 Tyler Haskins Petr Vrana Ryan Reaves 30 1 2 2
3 Andrej Nestrasil Logan MacMillan Brandon Kozun 20 1 2 2
4 Michael Chaput Michael Ferland Chris Wagner 10 1 2 2
5 vs 5 Defense
Defense Defense Time % Phy DF OF
1 Brendon Nash Joe Callahan 40 1 2 2
2 Justin Faulk Kevin Connauton 30 1 2 2
3 Michael Stone Tomas Kudelka 20 1 2 2
4 Samuel Groulx Christian Djoos 10 1 2 2
PowerPlay Forward
Center Left Wing Right Wing Time % Phy DF OF
1 Michael Latta Curtis Glencross Troy Brouwer 60 1 2 2
2 Tyler Haskins Petr Vrana Ryan Reaves 40 1 2 2
PowerPlay Defense
Defense Defense Time % Phy DF OF
1 Brendon Nash Joe Callahan 60 1 2 2
2 Justin Faulk Kevin Connauton 40 1 2 2
Penalty Kill 4 Players Forward
Center Wing Time % Phy DF OF
1 Curtis Glencross Troy Brouwer 60 1 2 2
2 Michael Latta Tyler Haskins 40 1 2 2
Penalty Kill 4 Players Defense
Defense Defense Time % Phy DF OF
1 Brendon Nash Joe Callahan 60 1 2 2
2 Justin Faulk Kevin Connauton 40 1 2 2
Penalty Kill - 3 Players Forward
Forward Time % Phy DF OF
1 Curtis Glencross 60 1 2 2
2 Troy Brouwer 40 1 2 2
Penalty Kill - 3 Players Defense
Defense Defense Time % Phy DF OF
1 Brendon Nash Joe Callahan 60 1 2 2
2 Justin Faulk Kevin Connauton 40 1 2 2
4 vs 4 Forward
Center Wing Time % Phy DF OF
1 Curtis Glencross Troy Brouwer 60 1 2 2
2 Michael Latta Tyler Haskins 40 1 2 2
4 vs 4 Defense
Defense Defense Time % Phy DF OF
1 Brendon Nash Joe Callahan 60 1 2 2
2 Justin Faulk Kevin Connauton 40 1 2 2
Last Minutes Offensive
Center Left Wing Right Wing Defense Defense
Michael Latta Curtis Glencross Troy Brouwer Brendon Nash Joe Callahan
Last Minutes Defensive
Center Left Wing Right Wing Defense Defense
Michael Latta Curtis Glencross Troy Brouwer Brendon Nash Joe Callahan
Goaltenders
Starting : Anders Nilsson
Backup : Harru Sateri
Extra Forwards
Normal : Sam Carrick, Theodor Blueger, Justin Shugg - PP : Sam Carrick, Theodor Blueger - PK : Justin Shugg
Extra Defensemen
Normal : Michael Stone, Tomas Kudelka, Samuel Groulx - PP : Michael Stone - PK : Tomas Kudelka, Samuel Groulx
Penalty Shots
Curtis Glencross, Troy Brouwer, Michael Latta, Tyler Haskins, Petr Vrana
Scratches
Oscar Dansk (Healthy)
% Time on Ice - Little Stars
Lines # - Real PCT - Wanted PCT - Time Play
Normal Forward
1 - 32% - 40% - 13:13
2 - 29% - 30% - 12:02
3 - 24% - 20% - 10:01
4 - 15% - 10% - 6:07
Normal Defense
1 - 44% - 40% - 18:07
2 - 32% - 30% - 13:17
3 - 19% - 20% - 7:54
4 - 5% - 10% - 2:05
PP Forward
1 - 52% - 60% - 6:27
2 - 48% - 40% - 5:59
PP Defense
1 - 60% - 60% - 7:28
2 - 40% - 40% - 4:58
PK Forward
1 - 87% - 60% - 3:51
2 - 13% - 40% - 0:35
PK Defense
1 - 48% - 60% - 2:08
2 - 52% - 40% - 2:18
PK3 Forward
1 - 67% - 60% - 1:10
2 - 33% - 40% - 0:35
PK3 Defense
1 - 58% - 60% - 1:01
2 - 42% - 40% - 0:44
44 Forward
1 - 100% - 60% - 1:50
2 - 0% - 40% - 0:00
44 Defense
1 - 57% - 60% - 1:03
2 - 43% - 40% - 0:47
Last Minute Offensive - 0:00
Last Minute Defensive - 0:00
Total
Forward - 61:50
Defense - 61:50
|
% Time on Ice - Ice Dragons
Lines # - Real PCT - Wanted PCT - Time Play
Normal Forward
1 - 30% - 40% - 12:26
2 - 30% - 30% - 12:34
3 - 26% - 20% - 10:34
4 - 14% - 10% - 5:49
Normal Defense
1 - 42% - 40% - 17:34
2 - 30% - 30% - 12:13
3 - 22% - 20% - 8:57
4 - 6% - 10% - 2:39
PP Forward
1 - 55% - 60% - 3:25
2 - 45% - 40% - 2:46
PP Defense
1 - 61% - 60% - 3:45
2 - 39% - 40% - 2:26
PK Forward
1 - 69% - 60% - 8:32
2 - 31% - 40% - 3:54
PK Defense
1 - 62% - 60% - 7:42
2 - 38% - 40% - 4:44
PK3 Forward
1 - 0% - 60%
2 - 0% - 40%
PK3 Defense
1 - 0% - 60%
2 - 0% - 40%
44 Forward
1 - 100% - 60% - 1:50
2 - 0% - 40% - 0:00
44 Defense
1 - 65% - 60% - 1:11
2 - 35% - 40% - 0:39
Last Minute Offensive - 0:00
Last Minute Defensive - 0:00
Total
Forward - 61:50
Defense - 61:50
|
Play by Play
1st period
0:01 of 1st period - Michael Latta wins face-off versus Dana Tyrell in neutral zone.
0:08 of 1st period - Jesse Joensuu is hit by Michael Latta and loses puck.
0:27 of 1st period - Hugh Jessiman is hit by Petr Vrana.
0:33 of 1st period - Wrist shot by Kevin Connauton.
0:33 of 1st period - Stopped by Jhonas Enroth with a rebound.
1:34 of 1st period - Slapshot by Troy Brouwer.
1:34 of 1st period - Shot Misses the Net.
1:36 of 1st period - Slapshot by Justin Faulk.
1:36 of 1st period - Shot Blocked by Tyler Wotherspoon.
1:38 of 1st period - Wrist shot by Michael Latta.
1:38 of 1st period - Goal by Michael Latta - Little Stars : 0 - Ice Dragons : 1.
1:39 of 1st period - Mathieu Perreault wins face-off versus Michael Chaput in neutral zone.
2:09 of 1st period - Dana Tyrell is hit by Brendon Nash and loses puck.
2:34 of 1st period - Snap shot by Jesper Fast.
2:34 of 1st period - Stopped by Anders Nilsson with a rebound.
2:36 of 1st period - Slapshot by Scott Harrington.
2:36 of 1st period - Shot Blocked by Joe Callahan.
3:16 of 1st period - Off-side.
3:17 of 1st period - Dana Tyrell wins face-off versus Michael Latta in neutral zone.
3:20 of 1st period - Troy Brouwer is hit by Tyson Barrie and loses puck.
3:39 of 1st period - Jesse Joensuu is hit by Troy Brouwer and loses puck.
4:04 of 1st period - Slapshot by Curtis Glencross.
4:04 of 1st period - Shot Blocked by Tyler Wotherspoon.
4:06 of 1st period - Slapshot by Curtis Glencross.
4:06 of 1st period - Shot Misses the Net.
4:21 of 1st period - Minor Penalty to Michael Latta for Roughing.
4:22 of 1st period - Mathieu Perreault wins face-off versus Justin Shugg in Ice Dragons zone.
4:31 of 1st period - Wrist shot by Robert Klinkhammer.
4:31 of 1st period - Shot Blocked by Brendon Nash.
6:21 of 1st period - Penalty to Michael Latta is over, Michael Latta is back on ice.
6:40 of 1st period - Off-side.
6:41 of 1st period - Daniel O'regan wins face-off versus Andrej Nestrasil in neutral zone.
6:48 of 1st period - Wrist shot by Alexander Vasyunov.
6:48 of 1st period - Shot Misses the Net.
6:50 of 1st period - Slapshot by Alexander Vasyunov.
6:50 of 1st period - Deflect By Michael Stone.
6:50 of 1st period - Shot Blocked by Michael Stone.
6:50 of 1st period - Puck is out of play.
6:51 of 1st period - Tyler Haskins wins face-off versus Daniel O'regan in Ice Dragons zone.
7:06 of 1st period - Wrist shot by Jesper Fast.
7:06 of 1st period - Stopped by Anders Nilsson with a rebound.
7:08 of 1st period - Slapshot by Jesper Fast.
7:08 of 1st period - Stopped by Anders Nilsson without a rebound.
7:09 of 1st period - Mathieu Perreault wins face-off versus Michael Latta in Ice Dragons zone.
7:10 of 1st period - Slapshot by Robert Klinkhammer.
7:10 of 1st period - Deflect By Hugh Jessiman.
7:10 of 1st period - Shot Misses the Net.
7:10 of 1st period - Puck is out of play.
7:11 of 1st period - Michael Latta wins face-off versus Mathieu Perreault in Ice Dragons zone.
7:13 of 1st period - Minor Penalty to Brendon Nash for Roughing.
7:14 of 1st period - Curtis Glencross wins face-off versus Dana Tyrell in Ice Dragons zone.
7:45 of 1st period - Wrist shot by Dana Tyrell.
7:45 of 1st period - Goal by Dana Tyrell - Little Stars : 1 - Ice Dragons : 1.
7:46 of 1st period - Mathieu Perreault wins face-off versus Tyler Haskins in neutral zone.
7:48 of 1st period - Off-side.
7:49 of 1st period - Tyler Haskins wins face-off versus Mathieu Perreault in neutral zone.
8:04 of 1st period - Snap shot by Mathieu Perreault.
8:04 of 1st period - Shot Misses the Net.
8:21 of 1st period - Off-side.
8:22 of 1st period - Michael Latta wins face-off versus Mathieu Perreault in neutral zone.
8:47 of 1st period - Justin Faulk is hit by Yannick Weber and loses puck.
8:52 of 1st period - Backhand shot by Dana Tyrell.
8:52 of 1st period - Shot Blocked by Justin Faulk.
9:10 of 1st period - Joe Callahan is hit by Phil Oreskovic and loses puck.
9:21 of 1st period - Tyler Wotherspoon is hit by Joe Callahan and loses puck.
9:28 of 1st period - Joe Callahan is hit by Daniel O'regan and loses puck.
9:47 of 1st period - Wrist shot by Alexander Vasyunov.
9:47 of 1st period - Shot Misses the Net.
9:55 of 1st period - Slapshot by Brendon Nash.
9:55 of 1st period - Shot Misses the Net.
9:57 of 1st period - Backhand shot by Logan MacMillan.
9:57 of 1st period - Deflect By Andrej Nestrasil.
9:57 of 1st period - Stopped by Jhonas Enroth with a rebound.
10:34 of 1st period - Icing by Yannick Weber.
10:35 of 1st period - Daniel O'regan wins face-off versus Michael Latta in Little Stars zone.
10:45 of 1st period - Minor Penalty to Michael Latta for Holding.
10:46 of 1st period - Dana Tyrell wins face-off versus Curtis Glencross in Ice Dragons zone.
10:46 of 1st period - Wrist shot by Alex Chiasson.
10:46 of 1st period - Stopped by Anders Nilsson without a rebound.
10:47 of 1st period - Alex Chiasson wins face-off versus Curtis Glencross in Ice Dragons zone.
10:50 of 1st period - Slapshot by Alex Chiasson.
10:50 of 1st period - Stopped by Anders Nilsson without a rebound.
10:51 of 1st period - Curtis Glencross wins face-off versus Dana Tyrell in Ice Dragons zone.
12:45 of 1st period - Penalty to Michael Latta is over, Michael Latta is back on ice.
12:57 of 1st period - Phil Oreskovic is hit by Logan MacMillan and loses puck.
13:06 of 1st period - Wrist shot by Brandon Kozun.
13:06 of 1st period - Shot Blocked by Niklas Hjalmarsson.
13:24 of 1st period - Slapshot by Niklas Hjalmarsson.
13:24 of 1st period - Stopped by Anders Nilsson with a rebound.
13:36 of 1st period - Jesper Fast is hit by Chris Wagner and loses puck.
13:52 of 1st period - Off-side.
13:53 of 1st period - Michael Latta wins face-off versus Dana Tyrell in neutral zone.
14:20 of 1st period - Andrej Sustr is hit by Brendon Nash and loses puck.
14:29 of 1st period - Snap shot by Dana Tyrell.
14:29 of 1st period - Shot Blocked by Brendon Nash.
14:37 of 1st period - Slapshot by Alex Chiasson.
14:37 of 1st period - Shot Misses the Net.
14:39 of 1st period - Snap shot by Dana Tyrell.
14:39 of 1st period - Shot Misses the Net.
14:41 of 1st period - Wrist shot by Dana Tyrell.
14:41 of 1st period - Shot Blocked by Joe Callahan.
14:43 of 1st period - Snap shot by Jesse Joensuu.
14:43 of 1st period - Shot Hit the Post.
14:45 of 1st period - Snap shot by Alex Chiasson.
14:45 of 1st period - Shot Misses the Net.
14:47 of 1st period - Wrist shot by Jesse Joensuu.
14:47 of 1st period - Stopped by Anders Nilsson with a rebound.
14:49 of 1st period - Slapshot by Jesse Joensuu.
14:49 of 1st period - Stopped by Anders Nilsson with a rebound.
14:51 of 1st period - Snap shot by Alex Chiasson.
14:51 of 1st period - Stopped by Anders Nilsson with a rebound.
15:03 of 1st period - Wrist shot by Jesse Joensuu.
15:03 of 1st period - Stopped by Anders Nilsson without a rebound.
15:04 of 1st period - Mathieu Perreault wins face-off versus Michael Latta in Ice Dragons zone.
15:07 of 1st period - Wrist shot by Mathieu Perreault.
15:07 of 1st period - Shot Hit the Post.
15:14 of 1st period - Minor Penalty to Michael Latta for Interference.
15:15 of 1st period - Curtis Glencross wins face-off versus Mathieu Perreault in Ice Dragons zone.
15:15 of 1st period - Curtis Glencross is hit by Hugh Jessiman.
15:26 of 1st period - Snap shot by Robert Klinkhammer.
15:26 of 1st period - Stopped by Anders Nilsson with a rebound.
15:28 of 1st period - Wrist shot by Hugh Jessiman.
15:28 of 1st period - Stopped by Anders Nilsson without a rebound.
15:29 of 1st period - Curtis Glencross wins face-off versus Mathieu Perreault in Ice Dragons zone.
15:42 of 1st period - Snap shot by Mathieu Perreault.
15:42 of 1st period - Stopped by Anders Nilsson without a rebound.
15:43 of 1st period - Curtis Glencross wins face-off versus Dana Tyrell in Ice Dragons zone.
15:54 of 1st period - Snap shot by Jesse Joensuu.
15:54 of 1st period - Shot Misses the Net.
15:56 of 1st period - Wrist shot by Jesse Joensuu.
15:56 of 1st period - Deflect By Alex Chiasson.
15:56 of 1st period - Stopped by Anders Nilsson without a rebound.
15:57 of 1st period - Dana Tyrell wins face-off versus Curtis Glencross in Ice Dragons zone.
16:12 of 1st period - Wrist shot by Troy Brouwer.
16:12 of 1st period - Stopped by Jhonas Enroth without a rebound.
16:13 of 1st period - Dana Tyrell wins face-off versus Curtis Glencross in Little Stars zone.
17:14 of 1st period - Penalty to Michael Latta is over, Michael Latta is back on ice.
17:26 of 1st period - Justin Faulk is hit by Nail Yakupov and loses puck.
17:31 of 1st period - Snap shot by Tyson Barrie.
17:31 of 1st period - Stopped by Anders Nilsson with a rebound.
18:15 of 1st period - Slapshot by Justin Faulk.
18:15 of 1st period - Shot Blocked by Phil Oreskovic.
18:35 of 1st period - Slapshot by Michael Latta.
18:35 of 1st period - Shot Misses the Net.
18:37 of 1st period - Wrist shot by Curtis Glencross.
18:37 of 1st period - Shot Blocked by Phil Oreskovic.
18:52 of 1st period - Off-side.
18:53 of 1st period - Daniel Catenacci wins face-off versus Andrej Nestrasil in neutral zone.
19:07 of 1st period - Off-side.
19:08 of 1st period - Troy Brouwer wins face-off versus Mathieu Perreault in neutral zone.
19:11 of 1st period - Mathieu Perreault is hit by Joe Callahan and loses puck.
19:22 of 1st period - Wrist shot by Mathieu Perreault.
19:22 of 1st period - Stopped by Anders Nilsson with a rebound.
19:24 of 1st period - Slapshot by Andrej Sustr.
19:24 of 1st period - Stopped by Anders Nilsson with a rebound.
19:57 of 1st period - Slapshot by Brendon Nash.
19:57 of 1st period - Shot Misses the Net.
19:59 of 1st period - Wrist shot by Michael Ferland.
19:59 of 1st period - Stopped by Jhonas Enroth with a rebound.
Goals for this period are 1 for Little Stars vs 1 for Ice Dragons.
Shots for this period are 18 for Little Stars vs 5 for Ice Dragons.
2nd period
0:01 of 2nd period - Mathieu Perreault wins face-off versus Michael Latta in neutral zone.
0:25 of 2nd period - Tyler Haskins is hit by Phil Oreskovic and loses puck.
0:52 of 2nd period - Wrist shot by Kevin Connauton.
0:52 of 2nd period - Shot Hit the Post.
0:54 of 2nd period - Slapshot by Justin Faulk.
0:54 of 2nd period - Stopped by Jhonas Enroth without a rebound.
0:55 of 2nd period - Mathieu Perreault wins face-off versus Michael Latta in Little Stars zone.
0:55 of 2nd period - Mathieu Perreault is hit by Troy Brouwer.
1:11 of 2nd period - Slapshot by Mathieu Perreault.
1:11 of 2nd period - Stopped by Anders Nilsson without a rebound.
1:12 of 2nd period - Tyler Haskins wins face-off versus Dana Tyrell in Ice Dragons zone.
1:28 of 2nd period - Niklas Hjalmarsson is hit by Tyler Haskins and loses puck.
2:22 of 2nd period - Michael Chaput is hit by Niklas Hjalmarsson and loses puck.
2:41 of 2nd period - Snap shot by Justin Faulk.
2:41 of 2nd period - Stopped by Jhonas Enroth with a rebound.
2:51 of 2nd period - Snap shot by Tyler Haskins.
2:51 of 2nd period - Stopped by Jhonas Enroth with a rebound.
3:08 of 2nd period - Wrist shot by Michael Latta.
3:08 of 2nd period - Stopped by Jhonas Enroth with a rebound.
3:16 of 2nd period - Minor Penalty to Mathieu Perreault for Cross-checking.
3:17 of 2nd period - Michael Latta wins face-off versus Hugh Jessiman in Little Stars zone.
3:20 of 2nd period - Snap shot by Troy Brouwer.
3:20 of 2nd period - Shot Misses the Net.
5:14 of 2nd period - Curtis Glencross is hit by Jesse Joensuu and loses puck.
5:16 of 2nd period - Penalty to Mathieu Perreault is over, Mathieu Perreault is back on ice.
5:29 of 2nd period - Andrej Nestrasil is hit by Niklas Hjalmarsson and loses puck.
6:08 of 2nd period - Wrist shot by Brandon Kozun.
6:08 of 2nd period - Shot Blocked by Mathieu Perreault.
6:10 of 2nd period - Wrist shot by Logan MacMillan.
6:10 of 2nd period - Stopped by Jhonas Enroth without a rebound.
6:11 of 2nd period - Mathieu Perreault wins face-off versus Michael Chaput in Little Stars zone.
6:11 of 2nd period - Mathieu Perreault is hit by Michael Ferland.
6:17 of 2nd period - Wrist shot by Hugh Jessiman.
6:17 of 2nd period - Shot Misses the Net.
6:23 of 2nd period - Snap shot by Robert Klinkhammer.
6:23 of 2nd period - Stopped by Anders Nilsson without a rebound.
6:24 of 2nd period - Michael Latta wins face-off versus Dana Tyrell in Ice Dragons zone.
6:33 of 2nd period - Off-side.
6:34 of 2nd period - Dana Tyrell wins face-off versus Michael Latta in neutral zone.
6:38 of 2nd period - Off-side.
6:39 of 2nd period - Dana Tyrell wins face-off versus Michael Latta in neutral zone.
6:48 of 2nd period - Snap shot by Curtis Glencross.
6:48 of 2nd period - Deflect By Troy Brouwer.
6:48 of 2nd period - Shot Misses the Net.
6:48 of 2nd period - Puck is out of play.
6:49 of 2nd period - Michael Latta wins face-off versus Dana Tyrell in Little Stars zone.
7:13 of 2nd period - Slapshot by Alex Chiasson.
7:13 of 2nd period - Stopped by Anders Nilsson without a rebound.
7:14 of 2nd period - Tyler Haskins wins face-off versus Mathieu Perreault in Ice Dragons zone.
7:27 of 2nd period - Wrist shot by Mathieu Perreault.
7:27 of 2nd period - Shot Blocked by Tyler Haskins.
7:29 of 2nd period - Snap shot by Hugh Jessiman.
7:29 of 2nd period - Shot Blocked by Tyler Haskins.
7:39 of 2nd period - Petr Vrana is hit by Dana Tyrell and loses puck.
7:51 of 2nd period - Snap shot by Petr Vrana.
7:51 of 2nd period - Shot Misses the Net.
7:53 of 2nd period - Wrist shot by Joe Callahan.
7:53 of 2nd period - Shot Misses the Net.
7:59 of 2nd period - Wrist shot by Tyler Haskins.
7:59 of 2nd period - Shot Misses the Net.
8:01 of 2nd period - Slapshot by Brendon Nash.
8:01 of 2nd period - Stopped by Jhonas Enroth with a rebound.
8:03 of 2nd period - Snap shot by Petr Vrana.
8:03 of 2nd period - Stopped by Jhonas Enroth without a rebound.
8:04 of 2nd period - Michael Latta wins face-off versus Mathieu Perreault in Little Stars zone.
8:09 of 2nd period - Wrist shot by Curtis Glencross.
8:09 of 2nd period - Stopped by Jhonas Enroth without a rebound.
8:10 of 2nd period - Mathieu Perreault wins face-off versus Michael Latta in Little Stars zone.
8:17 of 2nd period - Wrist shot by Michael Latta.
8:17 of 2nd period - Shot Blocked by Andrej Sustr.
8:19 of 2nd period - Snap shot by Curtis Glencross.
8:19 of 2nd period - Shot Misses the Net.
8:21 of 2nd period - Snap shot by Troy Brouwer.
8:21 of 2nd period - Shot Misses the Net.
8:25 of 2nd period - Wrist shot by Michael Latta.
8:25 of 2nd period - Stopped by Jhonas Enroth with a rebound.
8:43 of 2nd period - Jesse Joensuu is hit by Logan MacMillan and loses puck.
9:21 of 2nd period - Wrist shot by Tyler Haskins.
9:21 of 2nd period - Stopped by Jhonas Enroth with a rebound.
9:23 of 2nd period - Snap shot by Brendon Nash.
9:23 of 2nd period - Deflect By Petr Vrana.
9:23 of 2nd period - Goal by Petr Vrana - Little Stars : 1 - Ice Dragons : 2.
9:24 of 2nd period - Dana Tyrell wins face-off versus Michael Latta in neutral zone.
9:50 of 2nd period - Icing by Robert Klinkhammer.
9:51 of 2nd period - Mathieu Perreault wins face-off versus Tyler Haskins in Little Stars zone.
10:04 of 2nd period - Snap shot by Hugh Jessiman.
10:04 of 2nd period - Stopped by Anders Nilsson with a rebound.
10:18 of 2nd period - Jesse Joensuu is hit by Joe Callahan.
10:47 of 2nd period - Off-side.
10:48 of 2nd period - Mathieu Perreault wins face-off versus Tyler Haskins in neutral zone.
11:21 of 2nd period - Slapshot by Dana Tyrell.
11:21 of 2nd period - Stopped by Anders Nilsson without a rebound.
11:22 of 2nd period - Tyler Haskins wins face-off versus Dana Tyrell in Ice Dragons zone.
11:22 of 2nd period - Tyler Haskins is hit by Alex Chiasson.
11:34 of 2nd period - Ryan Reaves is hit by Tyson Barrie and loses puck.
11:44 of 2nd period - Icing by Michael Stone.
11:45 of 2nd period - Mathieu Perreault wins face-off versus Tyler Haskins in Ice Dragons zone.
11:52 of 2nd period - Wrist shot by Robert Klinkhammer.
11:52 of 2nd period - Shot Misses the Net.
12:22 of 2nd period - Snap shot by Petr Vrana.
12:22 of 2nd period - Shot Blocked by Mathieu Perreault.
12:24 of 2nd period - Wrist shot by Tyler Haskins.
12:24 of 2nd period - Shot Blocked by Phil Oreskovic.
12:28 of 2nd period - Snap shot by Petr Vrana.
12:28 of 2nd period - Shot Blocked by Hugh Jessiman.
12:28 of 2nd period - Hugh Jessiman from Little Stars is injured at 12:28 of 2nd period (Right Knee).
12:29 of 2nd period - Michael Latta wins face-off versus Dana Tyrell in Little Stars zone.
13:21 of 2nd period - Alexander Vasyunov is hit by Justin Faulk and loses puck.
13:35 of 2nd period - Icing by Michael Chaput.
13:36 of 2nd period - Daniel Catenacci wins face-off versus Andrej Nestrasil in Ice Dragons zone.
13:41 of 2nd period - Slapshot by Niklas Hjalmarsson.
13:41 of 2nd period - Stopped by Anders Nilsson with a rebound.
14:01 of 2nd period - Niklas Hjalmarsson is hit by Ryan Reaves and loses puck.
14:08 of 2nd period - Wrist shot by Petr Vrana.
14:08 of 2nd period - Stopped by Jhonas Enroth without a rebound.
14:09 of 2nd period - Curtis Glencross wins face-off versus Jesse Joensuu in Little Stars zone.
14:53 of 2nd period - Tyler Wotherspoon is hit by Andrej Nestrasil and loses puck.
15:15 of 2nd period - Slapshot by Kevin Connauton.
15:15 of 2nd period - Stopped by Jhonas Enroth without a rebound.
15:16 of 2nd period - Daniel Catenacci wins face-off versus Michael Chaput in Little Stars zone.
15:32 of 2nd period - Icing by Niklas Hjalmarsson.
15:33 of 2nd period - Michael Latta wins face-off versus Daniel Catenacci in Little Stars zone.
15:38 of 2nd period - Wrist shot by Justin Faulk.
15:38 of 2nd period - Stopped by Jhonas Enroth without a rebound.
15:39 of 2nd period - Michael Latta wins face-off versus Dana Tyrell in Little Stars zone.
15:40 of 2nd period - Snap shot by Troy Brouwer.
15:40 of 2nd period - Stopped by Jhonas Enroth with a rebound.
16:11 of 2nd period - Wrist shot by Petr Vrana.
16:11 of 2nd period - Stopped by Jhonas Enroth with a rebound.
16:50 of 2nd period - Snap shot by Michael Chaput.
16:50 of 2nd period - Stopped by Jhonas Enroth without a rebound.
16:51 of 2nd period - Michael Latta wins face-off versus Dana Tyrell in Little Stars zone.
16:54 of 2nd period - Snap shot by Troy Brouwer.
16:54 of 2nd period - Stopped by Jhonas Enroth with a rebound.
17:04 of 2nd period - Wrist shot by Jesse Joensuu.
17:04 of 2nd period - Shot Misses the Net.
17:18 of 2nd period - Icing by Tyson Barrie.
17:19 of 2nd period - Mathieu Perreault wins face-off versus Tyler Haskins in Little Stars zone.
17:19 of 2nd period - Mathieu Perreault is hit by Petr Vrana.
17:30 of 2nd period - Minor Penalty to Tyler Haskins for Roughing.
17:31 of 2nd period - Curtis Glencross wins face-off versus Alex Chiasson in Ice Dragons zone.
19:30 of 2nd period - Penalty to Tyler Haskins is over, Tyler Haskins is back on ice.
19:32 of 2nd period - Snap shot by Jesper Fast.
19:32 of 2nd period - Stopped by Anders Nilsson with a rebound.
19:44 of 2nd period - Snap shot by Alexander Vasyunov.
19:44 of 2nd period - Shot Misses the Net.
Goals for this period are 0 for Little Stars vs 1 for Ice Dragons.
Shots for this period are 7 for Little Stars vs 18 for Ice Dragons.
3rd period
0:01 of 3rd period - Dana Tyrell wins face-off versus Michael Latta in neutral zone.
0:16 of 3rd period - Joe Callahan is hit by Phil Oreskovic and loses puck.
0:27 of 3rd period - Mathieu Perreault is hit by Tyler Haskins and loses puck.
1:11 of 3rd period - Minor Penalty to Michael Mersch for Interference.
1:12 of 3rd period - Alex Chiasson wins face-off versus Michael Latta in Little Stars zone.
2:21 of 3rd period - Snap shot by Jesse Joensuu.
2:21 of 3rd period - Stopped by Anders Nilsson with a rebound.
2:45 of 3rd period - Jesper Fast is hit by Troy Brouwer and loses puck.
3:11 of 3rd period - Penalty to Michael Mersch is over, Michael Mersch is back on ice.
3:24 of 3rd period - Icing by Logan MacMillan.
3:25 of 3rd period - Mathieu Perreault wins face-off versus Andrej Nestrasil in Ice Dragons zone.
3:26 of 3rd period - Snap shot by Robert Klinkhammer.
3:26 of 3rd period - Stopped by Anders Nilsson with a rebound.
3:38 of 3rd period - Wrist shot by Andrej Nestrasil.
3:38 of 3rd period - Deflect By Brandon Kozun.
3:38 of 3rd period - Shot Blocked by Robert Klinkhammer.
3:38 of 3rd period - Puck is out of play.
3:39 of 3rd period - Alex Chiasson wins face-off versus Tyler Haskins in Little Stars zone.
4:32 of 3rd period - Slapshot by Phil Oreskovic.
4:32 of 3rd period - Stopped by Anders Nilsson without a rebound.
4:33 of 3rd period - Jesse Joensuu wins face-off versus Tyler Haskins in Ice Dragons zone.
4:44 of 3rd period - Tyler Haskins is hit by Jesse Joensuu and loses puck.
4:59 of 3rd period - Joe Callahan is hit by Andrej Sustr and loses puck.
5:58 of 3rd period - Jesse Joensuu is hit by Christian Djoos and loses puck.
6:07 of 3rd period - Slapshot by Brendon Nash.
6:07 of 3rd period - Deflect By Ryan Reaves.
6:07 of 3rd period - Shot Misses the Net.
6:07 of 3rd period - Puck is out of play.
6:08 of 3rd period - Michael Latta wins face-off versus Mathieu Perreault in Little Stars zone.
6:13 of 3rd period - Slapshot by Troy Brouwer.
6:13 of 3rd period - Shot Misses the Net.
6:35 of 3rd period - Petr Vrana is hit by Phil Oreskovic and loses puck.
6:42 of 3rd period - Slapshot by Alex Chiasson.
6:42 of 3rd period - Stopped by Anders Nilsson with a rebound.
7:07 of 3rd period - Minor Penalty to Jesper Fast for Goalie Interference.
7:08 of 3rd period - Alex Chiasson wins face-off versus Michael Latta in Little Stars zone.
7:21 of 3rd period - Minor Penalty to Michael Mersch for Tripping.
7:22 of 3rd period - Troy Brouwer wins face-off versus Alex Chiasson in Little Stars zone.
9:07 of 3rd period - Penalty to Jesper Fast is over, Jesper Fast is back on ice.
9:21 of 3rd period - Penalty to Michael Mersch is over, Michael Mersch is back on ice.
9:25 of 3rd period - Icing by Phil Oreskovic.
9:26 of 3rd period - Michael Latta wins face-off versus Mathieu Perreault in Little Stars zone.
9:47 of 3rd period - Snap shot by Nail Yakupov.
9:47 of 3rd period - Stopped by Anders Nilsson with a rebound.
9:59 of 3rd period - Slapshot by Mathieu Perreault.
9:59 of 3rd period - Shot Misses the Net.
10:01 of 3rd period - Slapshot by Tyler Wotherspoon.
10:01 of 3rd period - Deflect By Mathieu Perreault.
10:01 of 3rd period - Goal by Mathieu Perreault - Little Stars : 2 - Ice Dragons : 2.
10:02 of 3rd period - Michael Latta wins face-off versus Dana Tyrell in neutral zone.
10:11 of 3rd period - Wrist shot by Jesse Joensuu.
10:11 of 3rd period - Stopped by Anders Nilsson with a rebound.
10:13 of 3rd period - Slapshot by Phil Oreskovic.
10:13 of 3rd period - Stopped by Anders Nilsson with a rebound.
10:15 of 3rd period - Slapshot by Niklas Hjalmarsson.
10:15 of 3rd period - Deflect By Alex Chiasson.
10:15 of 3rd period - Shot Blocked by Joe Callahan.
10:15 of 3rd period - Puck is out of play.
10:16 of 3rd period - Dana Tyrell wins face-off versus Michael Latta in Ice Dragons zone.
11:22 of 3rd period - Snap shot by Logan MacMillan.
11:22 of 3rd period - Deflect By Michael Chaput.
11:22 of 3rd period - Shot Misses the Net.
11:22 of 3rd period - Puck is out of play.
11:23 of 3rd period - Michael Chaput wins face-off versus Daniel Catenacci in Little Stars zone.
11:50 of 3rd period - Yannick Weber is hit by Michael Latta and loses puck.
11:55 of 3rd period - Snap shot by Curtis Glencross.
11:55 of 3rd period - Shot Misses the Net.
11:57 of 3rd period - Backhand shot by Troy Brouwer.
11:57 of 3rd period - Stopped by Jhonas Enroth with a rebound.
11:59 of 3rd period - Backhand shot by Michael Stone.
11:59 of 3rd period - Shot Blocked by Yannick Weber.
12:01 of 3rd period - Slapshot by Michael Stone.
12:01 of 3rd period - Shot Blocked by Yannick Weber.
12:13 of 3rd period - Slapshot by Andrej Sustr.
12:13 of 3rd period - Stopped by Anders Nilsson without a rebound.
12:14 of 3rd period - Tyler Haskins wins face-off versus Mathieu Perreault in Ice Dragons zone.
12:23 of 3rd period - Wrist shot by Petr Vrana.
12:23 of 3rd period - Stopped by Jhonas Enroth with a rebound.
13:04 of 3rd period - Minor Penalty to Tyler Haskins for Hooking.
13:05 of 3rd period - Curtis Glencross wins face-off versus Dana Tyrell in Ice Dragons zone.
14:35 of 3rd period - Alex Chiasson is hit by Michael Ferland and loses puck.
15:04 of 3rd period - Penalty to Tyler Haskins is over, Tyler Haskins is back on ice.
15:07 of 3rd period - Slapshot by Brendon Nash.
15:07 of 3rd period - Stopped by Jhonas Enroth without a rebound.
15:08 of 3rd period - Andrej Nestrasil wins face-off versus Mathieu Perreault in Little Stars zone.
15:38 of 3rd period - Wrist shot by Michael Chaput.
15:38 of 3rd period - Stopped by Jhonas Enroth with a rebound.
15:40 of 3rd period - Snap shot by Michael Chaput.
15:40 of 3rd period - Stopped by Jhonas Enroth with a rebound.
15:42 of 3rd period - Wrist shot by Michael Stone.
15:42 of 3rd period - Stopped by Jhonas Enroth with a rebound.
15:52 of 3rd period - Slapshot by Petr Vrana.
15:52 of 3rd period - Shot Misses the Net.
15:54 of 3rd period - Slapshot by Kevin Connauton.
15:54 of 3rd period - Shot Blocked by Daniel O'regan.
15:56 of 3rd period - Snap shot by Ryan Reaves.
15:56 of 3rd period - Shot Blocked by Tyler Wotherspoon.
15:58 of 3rd period - Wrist shot by Tyler Haskins.
15:58 of 3rd period - Stopped by Jhonas Enroth without a rebound.
15:59 of 3rd period - Daniel O'regan wins face-off versus Michael Latta in Little Stars zone.
15:59 of 3rd period - Daniel O'regan is hit by Curtis Glencross.
16:19 of 3rd period - Slapshot by Niklas Hjalmarsson.
16:19 of 3rd period - Shot Blocked by Joe Callahan.
16:35 of 3rd period - Minor Penalty to Logan MacMillan for Hooking.
16:36 of 3rd period - Troy Brouwer wins face-off versus Dana Tyrell in Ice Dragons zone.
16:40 of 3rd period - Brendon Nash is hit by Phil Oreskovic and loses puck.
18:04 of 3rd period - Alex Chiasson is hit by Michael Ferland.
18:14 of 3rd period - Robert Klinkhammer is hit by Troy Brouwer and loses puck.
18:22 of 3rd period - Icing by Mathieu Perreault.
18:23 of 3rd period - Justin Shugg wins face-off versus Dana Tyrell in Little Stars zone.
18:35 of 3rd period - Penalty to Logan MacMillan is over, Logan MacMillan is back on ice.
18:46 of 3rd period - Wrist shot by Brandon Kozun.
18:46 of 3rd period - Shot Misses the Net.
18:48 of 3rd period - Slapshot by Logan MacMillan.
18:48 of 3rd period - Shot Misses the Net.
18:50 of 3rd period - Slapshot by Brendon Nash.
18:50 of 3rd period - Shot Misses the Net.
18:57 of 3rd period - Icing by Yannick Weber.
18:58 of 3rd period - Ryan Reaves wins face-off versus Daniel O'regan in Little Stars zone.
19:32 of 3rd period - Snap shot by Michael Chaput.
19:32 of 3rd period - Shot Misses the Net.
19:34 of 3rd period - Wrist shot by Chris Wagner.
19:34 of 3rd period - Shot Blocked by Jesper Fast.
19:36 of 3rd period - Wrist shot by Michael Ferland.
19:36 of 3rd period - Shot Misses the Net.
19:38 of 3rd period - Slapshot by Chris Wagner.
19:38 of 3rd period - Shot Misses the Net.
19:40 of 3rd period - Wrist shot by Michael Ferland.
19:40 of 3rd period - Stopped by Jhonas Enroth without a rebound.
19:41 of 3rd period - Andrej Nestrasil wins face-off versus Daniel Catenacci in Little Stars zone.
19:42 of 3rd period - Snap shot by Brendon Nash.
19:42 of 3rd period - Shot Hit the Post.
Goals for this period are 1 for Little Stars vs 0 for Ice Dragons.
Shots for this period are 9 for Little Stars vs 8 for Ice Dragons.
Overtime #1
0:01 of 1st overtime period - Curtis Glencross wins face-off versus Alex Chiasson in neutral zone.
0:43 of 1st overtime period - Slapshot by Justin Faulk.
0:43 of 1st overtime period - Deflect By Theodor Blueger.
0:43 of 1st overtime period - Shot Misses the Net.
0:43 of 1st overtime period - Puck is out of play.
0:44 of 1st overtime period - Jesper Fast wins face-off versus Sam Carrick in Little Stars zone.
0:51 of 1st overtime period - Justin Faulk is hit by Phil Oreskovic and loses puck.
1:14 of 1st overtime period - Icing by Brendon Nash.
1:15 of 1st overtime period - Sam Carrick wins face-off versus Alex Chiasson in Ice Dragons zone.
1:22 of 1st overtime period - Slapshot by Brendon Nash.
1:22 of 1st overtime period - Stopped by Jhonas Enroth with a rebound.
1:46 of 1st overtime period - Slapshot by Alex Chiasson.
1:46 of 1st overtime period - Stopped by Anders Nilsson without a rebound.
1:47 of 1st overtime period - Alex Chiasson wins face-off versus Curtis Glencross in Ice Dragons zone.
1:50 of 1st overtime period - Snap shot by Alex Chiasson.
1:50 of 1st overtime period - Goal by Alex Chiasson - Little Stars : 3 - Ice Dragons : 2.
Goals for this period are 1 for Little Stars vs 0 for Ice Dragons.
Shots for this period are 2 for Little Stars vs 1 for Ice Dragons.
Back to the Top